 Dungeon Crawl Stone Soup version 0.27-a0-1442-g87b6fcb595 (webtiles) character file.

Game seed: 1163626268981864848

857 dolemite99 the Cruncher (level 7, -5/56 HPs)
             Began as a Minotaur Gladiator on July 5, 2021.
             Was a Follower of Makhleb.
             Slain by a yak (12 damage)
             ... on level 4 of the Dungeon.
             The game lasted 00:02:39 (3188 turns).

dolemite99 the Cruncher (Minotaur Gladiator)        Turns: 3188, Time: 00:02:40

Health: -5/56      AC: 13    Str: 20    XL:     7   Next: 70%
Magic:  6/6        EV:  6    Int:  5    God:    Makhleb [*.....]
Gold:   100        SH:  0    Dex: 12    Spells: 6/6 levels left

rFire    . . .     SeeInvis .   a - +0 quarterstaff
rCold    . . .     Faith    .   (shield currently unavailable)
rNeg     . . .     Spirit   .   s - +0 plate armour
rPois    .         Reflect  .   c - +0 hat
rElec    .         Harm     .   (no cloak)
rCorr    .         Rampage  .   (no gloves)
Will     .....                  i - +2 pair of boots
Stlth    ..........             (no amulet)
HPRegen  0.18/turn              (no ring)
MPRegen  0.10/turn              (no ring)

@: no status effects
A: horns 2, retaliatory headbutt
a: Renounce Religion


You were on level 4 of the Dungeon.
You worshipped Makhleb.
Makhleb was aware of your devotion.
You visited 1 branch of the dungeon, and saw 4 of its levels.

You collected 100 gold pieces.

Inventory:

Hand Weapons
 a - a +0 quarterstaff (weapon)
 k - a +1 dagger of draining
Missiles
 b - 42 sling bullets
 d - 3 throwing nets (quivered)
 l - 105 stones
 n - 13 arrows
 q - 22 bolts
Armour
 c - a +0 hat (worn)
 i - a +2 pair of boots (worn)
 s - a +0 plate armour (worn)
Wands
 r - a wand of flame (12)
Scrolls
 h - a scroll of identify {unknown}
 j - 2 scrolls of teleportation {unknown}
 p - 2 scrolls of noise {unknown}
Potions
 e - a potion of resistance {unknown}
 f - 2 potions of haste {unknown}
 m - 3 potions of curing {unknown}
 o - 2 potions of heal wounds {unknown}


   Skills:
 - Level 2.4 Fighting
 + Level 11.0 Staves
 - Level 2.0 Throwing
 - Level 3.2 Dodging


You had 6 spell levels left.
You didn't know any spells.
Your spell library contained the following spells:

 Spells                   Type           Power      Damage    Failure   Level
 Foxfire                  Conj/Fire      0%         2x1d4     100%        1
 Passwall                 Tmut/Erth      0%         N/A       100%        2
 Conjure Flame            Conj/Fire      0%         6-21      100%        3
 Inner Flame              Hex/Fire       0%         N/A       100%        3
 Swiftness                Air            0%         N/A       100%        3
 Invisibility             Hex            0%         N/A       100%        6


Dungeon Overview and Level Annotations

Branches:
Dungeon (4/15)
 Temple: D:4-7

Altars:
Makhleb


Innate Abilities, Weirdness & Mutations

You have a pair of horns on your head.
You reflexively headbutt those who attack you in melee.


Message History

The yak gores you.
You hit the yak but do no damage.
The yak is lightly wounded.
The yak completely misses you. You furiously retaliate!
You headbutt the yak. You sock the yak!
The yak is moderately wounded.
You thump the yak!
The yak is severely wounded.
The yak gores you but does no damage.
You hit the yak but do no damage.
The yak is severely wounded.
The yak gores you.
You hit the yak.
The yak is severely wounded.
The yak completely misses you.
You hit the yak. You headbutt the yak.
The yak is almost dead.
You closely miss the yak.
The yak is almost dead.
The yak gores you but does no damage.
You sock the yak!
You kill the yak!
Makhleb accepts your kill.
Your Staves skill increases to level 11!
You completely miss the yak. You thump the yak!
The yak is moderately wounded.
The yak gores you!
You barely miss the yak. Your headbutt misses the yak.
The yak is moderately wounded.
The yak gores you!
* * * LOW HITPOINT WARNING * * *
You barely miss the yak.
The yak is moderately wounded.
The yak gores you.
* * * LOW HITPOINT WARNING * * *
You sock the yak!
The yak is severely wounded.
The yak gores you!
You die...

#...#≈≈#...#............
#.⌠.#≈≈#.⌠.#...........# .
...#≈≈#...#............
...###≈..≈###............#
...............<........#
#.##..#..##.#.......... #
#.......###.#..........
.../##..#####.#...#.#.###
# #.....Y@.##.##.##.#.#
#..#..##.##..... .# #
#....?..# ....##.##
###..#$## .##.##.# ......
.##.# ....### #.... #### .
.


You could see a yak.

Vanquished Creatures
  4 yaks (D:4)
  2 phantoms
  Terence (D:3)
  5 adders
  A worm (D:3)
  A dart slug (D:1)
  An orc (D:3)
  2 ball pythons (D:1)
  7 bats
  6 endoplasms
  A giant cockroach (D:1)
  8 goblins
  8 hobgoblins
  4 jackals (D:4)
  7 kobolds
  5 quokkas
  3 frilled lizards
  3 rats
69 creatures vanquished.

Notes
Turn   | Place    | Note
-------+----------+-------------------------------------------
     0 | D:1      | dolemite99 the Minotaur Gladiator began the quest for the
                  | Orb.
     0 | D:1      | Reached XP level 1. HP: 18/18 MP: 0/0
    62 | D:1      | Reached skill level 4 in Staves
   161 | D:1      | Reached XP level 2. HP: 25/25 MP: 1/1
   625 | D:1      | Reached skill level 5 in Staves
   870 | D:1      | Reached XP level 3. HP: 30/30 MP: 2/2
  2231 | D:3      | Reached skill level 6 in Staves
  2231 | D:3      | Reached XP level 4. HP: 23/37 MP: 3/3
  2497 | D:3      | Found a burning altar of Makhleb.
  2511 | D:3      | Became a worshipper of Makhleb the Destroyer
  2659 | D:3      | Noticed Terence
  2669 | D:3      | Killed Terence
  2829 | D:3      | Noticed a phantom
  2840 | D:3      | Killed a phantom
  2841 | D:3      | Reached skill level 7 in Staves
  2841 | D:3      | Reached XP level 5. HP: 38/42 MP: 4/4
  3040 | D:4      | Noticed a phantom
  3048 | D:4      | Killed a phantom
  3049 | D:4      | Reached skill level 8 in Staves
  3049 | D:4      | Reached XP level 6. HP: 47/50 MP: 5/5
  3061 | D:4      | Reached * piety under Makhleb
  3153 | D:4      | Noticed a yak
  3155 | D:4      | Noticed a yak
  3159 | D:4      | Noticed a yak
  3160 | D:4      | Noticed a yak
  3162 | D:4      | Noticed a yak
  3165 | D:4      | Killed a yak
  3166 | D:4      | Reached skill level 9 in Staves
  3170 | D:4      | Killed a yak
  3171 | D:4      | Reached XP level 7. HP: 35/56 MP: 6/6
  3174 | D:4      | Killed a yak
  3175 | D:4      | Reached skill level 10 in Staves
  3183 | D:4      | Killed a yak
  3184 | D:4      | Reached skill level 11 in Staves
  3188 | D:4      | Slain by a yak

Illustrated notes

Levels and vault maps discovered:
D:1:      eino_arrival_tree_alley, layout_loops_ring
D:2:      layout_loops_corners
D:3:      layout_basic, lemuel_doored_altar, uniq_terence
D:4:      layout_loops_cross, lightli_temple_of_fire, fountainhead, hex_large,
          uniq_grinder

Skill      XL: |  1  2  3  4  5  6  7 |
---------------+----------------------+-----
Staves         | 4 5 6 7 8 9 11 | 11.0
Fighting       | |  2.4
Throwing       | |  2.0
Dodging        | |  3.2

Action                   |  1- 3 |  4- 6 |  7- 9 || total
-------------------------+-------+-------+-------++-------
Melee: Quarterstaff      |    72 |    77 |    18 ||   167
       Headbutt          |     7 |    14 |     5 ||    26
Armor: Leather armour    |     4 |       |       ||     4
       Chain mail        |    29 |    23 |       ||    52
       Plate armour      |       |    19 |     3 ||    22
Dodge: Dodged            |    35 |    22 |     2 ||    59

Table legend: (Time is in decaauts)
 A = Elapsed time spent in this place.
 B = Non-inter-level travel time spent in this place.
 C = Inter-level travel time spent in this place.
 D = Time resting spent in this place.
 E = Time spent auto-exploring this place.
 F = Levels seen in this place.
 G = Mean time per level.
                   A        B        C        D        E       F      G
               +--------+--------+--------+--------+--------+-----+--------+
         Total |   3182 |   3079 |    103 |    617 |   1926 |   4 |  795.5 |
       Dungeon |   3182 |   3079 |    103 |    617 |   1926 |   4 |  795.5 |
               +--------+--------+--------+--------+--------+-----+--------+

Top non-repeatable levels by time:
     D:2: 1227 daAuts
     D:1: 980 daAuts
     D:3: 834 daAuts
     D:4: 140 daAuts
